 Dungeon Crawl Stone Soup version 0.32-a0-468-g38b2580584 (webtiles) character file.

Game seed: 6536466653650445410

12061 Asceticacid the Summoner (level 11, -3/68 HPs)
             Began as a Human Conjurer on Feb 24, 2024.
             Was a Priest of Vehumet.
             Slain by a cane toad (6 damage)
             ... on level 1 of the Lair of Beasts.
             The game lasted 00:41:35 (15380 turns).

Asceticacid the Summoner (Human Conjurer)          Turns: 15380, Time: 00:41:35

Health: -3/68      AC: 11    Str:  8    XL:     11   Next: 87%
Magic:  22/22      EV: 13    Int: 22    God:    Vehumet [***...]
Gold:   681        SH:  0    Dex: 17    Spells: 0/24 levels left

rFire   . . .        i - staff of alchemy
rCold   + + .        w - orb {*channel}
rNeg    . . .        L - +2 robe {rC+}
rPois   +            (no helmet)
rElec   .            (no cloak)
rCorr   +            p - +0 pair of gloves
SInv    .            (no boots)
Will    .....        l - amulet of magic regeneration
Stlth   ++           I - ring of Quotufun {rC+ rCorr Dex+5}
HPRegen 0.31/turn    C - +4 ring of protection
MPRegen 0.58/turn

%: channel magic (20%)
@: no status effects
A: explore regen, iridescent scales 1, wild magic 1
a: Renounce Religion


You were on level 1 of the Lair of Beasts.
You worshipped Vehumet.
Vehumet was most pleased with you.
You visited 3 branches of the dungeon, and saw 14 of its levels.

You collected 681 gold pieces.

Inventory:

Hand Weapons
 c - a +0 dagger of electrocution
 z - a +2 dagger of venom
Missiles
 f - 40 poisoned darts (quivered)
 A - 2 throwing nets
Armour
 p - a +0 pair of gloves (worn)
 w - an orb of energy (worn)
 x - +0 steam dragon scales
 L - a +2 robe of cold resistance (worn)
Magical Staves
 i - a staff of alchemy (weapon)
Jewellery
 l - an amulet of magic regeneration (around neck)
 r - an amulet of faith
 B - a ring of flight
 C - a +4 ring of protection (right hand)
 H - an amulet of regeneration
 I - the ring of Quotufun (left hand) {rC+ rCorr Dex+5}
   (You found it on level 10 of the Dungeon)

   [ring of protection from cold]

   Dex+5:     It affects your dexterity (+5).
   rC+:       It protects you from cold.
   rCorr:     It protects you from acid and corrosion.
 K - a ring of ice
Wands
 y - a wand of flame (32)
 E - a wand of iceblast (3)
Scrolls
 d - 2 scrolls of identify
 e - 3 scrolls of revelation
 h - 5 scrolls of teleportation
 k - 2 scrolls of poison
 o - 2 scrolls of blinking
 s - a scroll of amnesia
 u - a scroll of immolation
 D - 2 scrolls of enchant weapon
 F - 2 scrolls of fog {unknown}
 G - a scroll of silence {unknown}
Potions
 b - 2 potions of magic
 g - 5 potions of curing
 j - 3 potions of lignification
 n - 2 potions of mutation
 q - a potion of degeneration
 t - 2 potions of might
 J - a potion of cancellation


   Skills:
 - Level 0.2 Fighting
 - Level 6.2 Short Blades
 - Level 0.9 Maces & Flails
 + Level 3.8 Dodging
 - Level 3.0 Stealth
 - Level 7.3 Spellcasting
 - Level 5.9 Conjurations
 - Level 13.2 Summonings
 * Level 5.4 Alchemy


You couldn't memorise any spells.
You knew the following spells:

 Your Spells              Type           Power      Damage    Failure   Level
a - Olgreb's Toxic Radia  Alch           58%        N/A       9%          4
b - Searing Ray           Conj           88%        2d7       2%          2
c - Summon Cactus Giant   Summ           36%        N/A       22%         6
d - Summon Blazeheart Go  Fire/Summ      48%        N/A       22%         4
e - Ozocubu's Refrigerat  Ice            5%         4d8       100%        7
f - Magic Dart            Conj           100%       1d8       1%          1

Your spell library contained the following spells:

 Spells                   Type           Power      Damage    Failure   Level
 Sticky Flame             Fire/Alch      39%        2d8       17%         4
 Summon Small Mammal      Summ           100%       N/A       1%          1
 Call Canine Familiar     Summ           72%        N/A       3%          3
 Fulminant Prism          Conj/Alch      29%        3d13      8%          4
 Scorch                   Fire           20%        2d5       11%         2
 Flame Wave               Conj/Fire      27%        2d9       17%         4
 Iskenderun's Mystic Bla  Conj/Tloc      27%        2d7       17%         4
 Gell's Gravitas          Tloc           10%        N/A       54%         3
 Ozocubu's Armour         Ice            10%        N/A       54%         3
 Teleport Other           Tloc           10%        N/A       54%         3
 Leda's Liquefaction      Alch/Erth      19%        N/A       56%         4
 Lee's Rapid Deconstruct  Erth           5%         3d6*      67%         5
 Bombard                  Conj/Erth      13%        9d3       82%         6
 Metabolic Englaciation   Hex/Ice        5%         N/A       99%         5
 Dispersal                Tloc           5%         N/A       100%        6
 Sculpt Simulacrum        Ice/Alch       19%        N/A       100%        6
 Discord                  Hex            5%         N/A       100%        8


Dungeon Overview and Level Annotations

Branches:
Dungeon (12/15)            Temple (1/1) D:5            Lair (1/5) D:9
    Orc: D:9-12

Altars:
Ashenzari
Cheibriados
Dithmenos
Elyvilon
Fedhas
Gozag
Hepliaklqana
Kikubaaqudgha
Makhleb
Nemelex Xobeh
Okawaru
Qazlal
Ru
Sif Muna
Trog
Uskayaw
Vehumet
Wu Jian
Xom
Yredelemnul
Zin
The Shining One

Annotations:
D:11 Urug
Lair:1 2 transporters, PriceMaster's ghost, journeyman SpAl


Innate Abilities, Weirdness & Mutations

You regain HP and MP as you explore.
You are partially covered in iridescent scales. (AC +2)
Your spells are a little harder to cast, but a little more powerful.


Message History

You feel a surge of power!
You miscast Olgreb's Toxic Radiance.
You are very lightly contaminated with residual magic.
Nothing appears to happen.
Magical energy flows into your mind!
The bullfrog enters a dispersal trap!
The cane toad blinks!
The black mamba blinks!
Your cactus giant blinks! x2
You blink.
Splash!
You fall into the shallow water.
Moving in this stuff is going to be slow.
The bullfrog blinks!
The bullfrog misses you.
You completely miss the bullfrog.
The bullfrog is severely wounded.
The bullfrog hits you but does no damage.
The bullfrog misses you.
Your cactus giant misses the black mamba.
The cane toad stings you!
* * * LOW HITPOINT WARNING * * *
The bullfrog misses you.
It was a potion of enlightenment.
You feel very buoyant.
You fly up into the air.
The black mamba closely misses you.
The bullfrog hits you but does no damage.
The cane toad misses you. The black mamba bites you.
* * * LOW HITPOINT WARNING * * *
It was a potion of cancellation.
Your magical effects are unravelling.
You feel magically purged.
Your magical contamination has completely faded away.
You float gracefully downwards.
Your enlightenment fades.
The bullfrog hits you but does no damage.
The black mamba bites you but does no damage.
The cane toad closely misses you.
The bullfrog hits you but does no damage.
The black mamba attacks as it pursues you!
The black mamba bites you but does no damage.
The cane toad stings you.
You die...

#........## ..
##...##...#
##F#.#....#
#.#####..# #.#
#.. ##.#
#####..# .#
#.#.^.##### #...
#.....@..#.....
#.....FS.......
#.....F........
##~~~.C.!.~P~~#
##~~~~.~~~~~~.
#P~~~~~~~~~~.
#..~~~~~~P~~~~#
#.#~~~~~~~~P~P.
...#~~~P~~~~~P~.


You could see a black mamba (ally target), a cane toad, a bullfrog and a
friendly cactus giant (summoned).

Vanquished Creatures
  Fannar (D:9)
  A two-headed ogre (D:11)
  2 nameless horrors
  Joseph (D:8)
  A rime drake (Lair:1)
  A kobold demonologist (D:6)
  Maggie (D:8)
  Jeremiah (D:8)
  A komodo dragon (D:9)
  A troll (D:12)
  4 blink frogs
  2 yaks (D:9)
  A wraith (D:10)
  3 wyverns
  Eustachio (D:6)
  Grum (D:7)
  2 basilisks
  A steam dragon (D:6)
  2 acid dragons
  Duvessa (D:4)
  A water moccasin (D:8)
  3 ice beasts
  A sky beast (D:7)
  4 orc warriors
  A black bear (D:6)
  3 centaurs
  2 wolves (D:7)
  A phantom (D:4)
  3 kobold brigands
  8 bullfrogs
  2 scorpions
  2 gnoll sergeants
  2 wights (D:8)
  Dowan (D:4)
  5 howler monkeys
  2 bombardier beetles
  A lava snake (D:8)
  A gnoll bouda (D:6)
  11 orc priests
  4 hounds
  2 sleepcaps
  4 iguanas
  15 orc wizards
  Robin (D:3)
  17 gnolls
  7 adders
  A shadow imp (D:6)
  A white imp (D:5)
  2 ufetubi (D:6)
  A dart slug (D:4)
  2 ribbon worms
  44 orcs
  3 ball pythons
  5 endoplasms
  4 giant cockroaches
  8 goblins
  11 hobgoblins
  6 quokkas
  8 bats
  2 frilled lizards
  22 kobolds
  9 rats
262 creatures vanquished.

Vanquished Creatures (collateral kills)
  A two-headed ogre (D:10)
  2 gargoyles (D:10)
  A troll (D:10)
  5 yaks
  A nameless horror (D:10)
  An orc warrior (D:8)
  A wight (D:8)
  An orc (D:10)
13 creatures vanquished.

Vanquished Creatures (others)
  A wight (D:8)
1 creature vanquished.

Grand Total: 276 creatures vanquished

Notes
Turn   | Place    | Note
-------+----------+-------------------------------------------
     0 | D:1      | Asceticacid the Human Conjurer began the quest for the Orb.
     0 | D:1      | Reached XP level 1. HP: 13/13 MP: 3/3
   200 | D:1      | Reached XP level 2. HP: 19/19 MP: 1/5
   314 | D:1      | Learned a level 2 spell: Searing Ray
   858 | D:1      | Reached XP level 3. HP: 24/24 MP: 4/6
  1609 | D:2      | Reached skill level 5 in Conjurations
  1609 | D:2      | Reached XP level 4. HP: 30/30 MP: 3/7
  2448 | D:3      | HP: 1/30 [orc priest/divine providence (12)]
  2453 | D:3      | Gained mutation: Your spells are a little harder to cast,
                  | but a little more powerful. [potion of mutation]
  2453 | D:3      | Gained mutation: You are partially covered in iridescent
                  | scales. (AC +2) [potion of mutation]
  2459 | D:3      | Reached XP level 5. HP: 8/35 MP: 2/8
  2983 | D:3      | Noticed Robin
  2993 | D:3      | Killed Robin
  3267 | D:3      | Found a shimmering blue altar of Sif Muna.
  3514 | D:4      | Noticed a phantom
  3581 | D:4      | Reached XP level 6. HP: 20/41 MP: 1/10
  3619 | D:4      | Learned a level 6 spell: Summon Cactus Giant
  3661 | D:4      | Found an iron altar of Okawaru.
  3807 | D:4      | Reached skill level 1 in Summonings
  3861 | D:4      | Reached skill level 2 in Summonings
  3861 | D:4      | Reached XP level 7. HP: 32/46 MP: 5/12
  4106 | D:4      | Noticed Duvessa
  4118 | D:4      | Killed Duvessa
  4119 | D:4      | Reached skill level 3 in Summonings
  4155 | D:4      | Noticed Dowan
  4161 | D:4      | Killed Dowan
  4162 | D:4      | Reached skill level 4 in Summonings
  4411 | D:5      | Entered Level 5 of the Dungeon
  4644 | D:5      | Reached skill level 5 in Summonings
  4644 | D:5      | Reached XP level 8. HP: 38/52 MP: 5/13
  4775 | D:5      | Found a broken altar of Ashenzari.
  4801 | D:5      | Reached skill level 6 in Summonings
  4945 | D:5      | Found a staircase to the Ecumenical Temple.
  4970 | D:5      | Found an ancient bone altar of Kikubaaqudgha.
  4997 | Temple   | Entered the Ecumenical Temple
  5016 | Temple   | Became a worshipper of Vehumet
  5184 | D:5      | Reached skill level 7 in Summonings
  5451 | D:5      | Learned a level 4 spell: Summon Blazeheart Golem
  5972 | D:6      | Noticed a kobold demonologist
  5975 | D:6      | Reached skill level 8 in Summonings
  6082 | D:6      | Reached * piety under Vehumet
  6082 | D:6      | Offered knowledge of Kiss of Death by Vehumet.
  6089 | D:6      | Reached skill level 9 in Summonings
  6089 | D:6      | Reached XP level 9. HP: 32/57 MP: 1/14
  6352 | D:6      | Found a shadowy altar of Dithmenos.
  6407 | D:6      | Found a sacrificial altar of Ru.
  6453 | D:6      | Reached skill level 10 in Summonings
  6556 | D:6      | Noticed Eustachio
  6652 | D:6      | Killed Eustachio
  6846 | D:6      | Noticed a smoke demon
  6882 | D:6      | Noticed a nameless horror
  6885 | D:5      | Noticed a nameless horror
  7191 | D:6      | Found a snail-covered altar of Cheibriados.
  7290 | D:6      | Killed a kobold demonologist
  7291 | D:6      | Reached skill level 11 in Summonings
  8129 | D:7      | Reached ** piety under Vehumet
  8130 | D:7      | Reached skill level 5 in Spellcasting
  8130 | D:7      | Reached XP level 10. HP: 63/63 MP: 14/17
  8144 | D:7      | Offered knowledge of Freeze by Vehumet.
  8678 | D:7      | Found an opulent altar of Gozag.
  8875 | D:8      | Noticed Grum
  9273 | D:7      | Killed Grum
  9884 | D:8      | Noticed Joseph
  9967 | D:8      | Killed Joseph
  9968 | D:8      | Reached skill level 12 in Summonings
 10093 | D:8      | Noticed Maggie
 10106 | D:8      | Killed Maggie
 10288 | D:8      | Noticed Jeremiah
 10308 | D:8      | Killed Jeremiah
 10365 | D:8      | Learned a level 7 spell: Ozocubu's Refrigeration
 10369 | D:9      | Noticed a nameless horror
 10437 | D:7      | Killed a nameless horror
 10916 | D:9      | Reached skill level 1 in Short Blades
 10916 | D:9      | Reached skill level 13 in Summonings
 10931 | D:9      | Offered knowledge of Dazzling Flash by Vehumet.
 11131 | D:9      | Reached *** piety under Vehumet
 11190 | D:9      | Found a staircase to the Lair.
 11325 | D:9      | Reached XP level 11. HP: 68/68 MP: 16/20
 11860 | D:10     | Entered Level 10 of the Dungeon
 11860 | D:10     | Found a blossoming altar of Fedhas.
 11897 | D:10     | Noticed a two-headed ogre
 11912 | D:10     | Killed a two-headed ogre
 11913 | D:10     | Reached skill level 5 in Short Blades
 12289 | D:10     | Identified the ring of Quotufun {rC+ rCorr Dex+5}
 12608 | D:10     | Noticed a nameless horror
 12621 | D:10     | Noticed Fannar
 12787 | Lair:1   | Entered Level 1 of the Lair of Beasts
 12790 | D:9      | Upgraded the game from 0.32-a0-450-g080537f31e to
                  | 0.32-a0-468-g38b2580584
 12864 | D:9      | Killed Fannar
 12959 | D:9      | Learned a level 4 spell: Olgreb's Toxic Radiance
 13165 | D:10     | Reached skill level 1 in Alchemy
 13551 | D:10     | Offered knowledge of Sticky Flame by Vehumet.
 14068 | D:11     | Noticed a two-headed ogre
 14074 | D:11     | Killed a two-headed ogre
 14114 | D:11     | Noticed Urug
 14187 | D:11     | Noticed a cyclops
 14395 | D:11     | Noticed an orc knight
 14396 | D:11     | Noticed an orc sorcerer
 15171 | Lair:1   | Reached skill level 5 in Alchemy
 15270 | Lair:1   | Found a transporter.
 15274 | Lair:1   | Found a transporter.
 15286 | Lair:1   | Noticed PriceMaster's ghost (journeyman SpAl)
 15290 | Lair:1   | Noticed a skyshark
 15377 | Lair:1   | HP: 3/68 [cane toad (13)]
 15380 | Lair:1   | Slain by a cane toad

Illustrated notes

Levels and vault maps discovered:
D:1:      kennysheep_arrival_forest, layout_loops_ring
D:2:      layout_loops_ring, minmay_tree_intersection
D:3:      layout_basic, lemuel_blue_sif_altar, serial_curves, eino_curves_03,
          eino_curves_01, minmay_misc_feat_x, uniq_robin
D:4:      layout_rooms, okawaru_metal_pillars_3, minmay_small_thing,
          uniq_duvessa
D:5:      layout_basic, mainiacjoe_overflow_alcove_1,
          ashenzari_conservatory_becter, minmay_temple_entry_ruins,
          serial_library_hellmonk_open_square, lemuel_flame_loot_1
D:6:      layout_loops_ring, grunt_dithmenos_smoke_and_mirrors,
          mainiacjoe_overflow_catwalk, mainiacjoe_overflow_alcove_2,
          uniq_eustachio
D:7:      layout_basic, lemuel_tele_altar, uniq_crazy_yiuf_cottage
D:8:      layout_rooms, kennysheep_doodads, uniq_grum, uniq_joseph,
          uniq_jeremiah, uniq_maggie
D:9:      layout_grid_maze, david_lair_shrubbed, nicolae_zig_zag_zippers
D:10:     layout_long_grid, fedhas_altar_2, serial_co_window_serial,
          co_window_paths_a, co_window_cross_1, co_window_of_opportunity_a,
          co_window_paths_b, co_window_corner_a, co_window_paths_a,
          co_window_corner_a, co_window_corner_ca, co_window_unsneaky_path_d,
          co_window_2corner, co_window_broadway_a, co_window_4corner_b,
          co_window_sun, glass_columns_a, glass_columns_b, uniq_fannar
D:11:     layout_loops_ring, kennysheep_just_a_vault, uniq_urug
D:12:     layout_long_grid, david_orc_1_choice, uniq_kirke, uniq_josephine
Temple:   nicolae_temple_figure_eight
Lair:1:   wander_river, layout_misc_corridors, nzn_ghost_randoct, serial_bayou,
          serial_bayou_pond_e, serial_bayou_ford_a, serial_bayou_pond_c,
          serial_bayou_shore_a, serial_bayou_pond_a

Skill      XL: |  1  2  3  4  5  6  7  8  9 10 11 |
---------------+----------------------------------+-----
Conjurations   | 5 |  5.9
Spellcasting   | 3 5 6 7 |  7.3
Stealth        | 3 |  3.0
Summonings     | 2 5 9 11 13 | 13.2
Short Blades   | 3 6 |  6.2
Alchemy        | 5 |  5.4
Dodging        | 3 |  3.8
Fighting       | |  0.2
Maces & Flails | |  0.9

Action                     |  1- 3 |  4- 6 |  7- 9 | 10-12 || total
---------------------------+-------+-------+-------+-------++-------
  Melee: Club              |    11 |       |       |       ||    11
         Unarmed           |     2 |       |       |       ||     2
         Staff             |       |       |     9 |     5 ||    14
         Dagger            |       |       |       |   116 ||   116
  Throw: Dart              |     1 |       |     2 |       ||     3
   Cast: Magic Dart        |    56 |    82 |    97 |    72 ||   307
         Searing Ray       |     5 |    18 |    72 |    74 ||   169
         Summon Blazeheart |       |       |     2 |       ||     2
         Summon Cactus Gia |       |       |       |    14 ||    14
         Olgreb's Toxic Ra |       |       |       |    16 ||    16
    Use: Scroll            |       |     2 |     7 |     6 ||    15
         Potion            |       |     1 |       |     4 ||     5
   Stab: Sleeping          |     1 |       |       |     2 ||     3
 Armour: Robe              |    11 |    14 |    47 |   114 ||   186
         Steam dragon scal |       |       |    96 |   150 ||   246
         Skin              |       |       |       |     4 ||     4
  Dodge: Dodged            |    18 |    20 |   115 |   183 ||   336

Table legend: (Time is in decaauts)
 A = Elapsed time spent in this place.
 B = Non-inter-level travel time spent in this place.
 C = Inter-level travel time spent in this place.
 D = Time resting spent in this place.
 E = Time spent auto-exploring this place.
 F = Levels seen in this place.
 G = Mean time per level.
                   A        B        C        D        E       F      G
               +--------+--------+--------+--------+--------+-----+--------+
         Total |  15386 |  14635 |    751 |   4056 |   7815 |  14 | 1099.0 |
       Dungeon |  14987 |  14248 |    739 |   3927 |   7692 |  12 | 1248.9 |
        Temple |     34 |     22 |     12 |      0 |      0 |   1 |   34.0 |
          Lair |    363 |    363 |      0 |    129 |    123 |   1 |  363.0 |
               +--------+--------+--------+--------+--------+-----+--------+

Top non-repeatable levels by time:
     D:9: 2053 daAuts
    D:10: 1837 daAuts
     D:7: 1794 daAuts
     D:6: 1644 daAuts
     D:5: 1620 daAuts
     D:1: 1383 daAuts
     D:8: 1160 daAuts
     D:3: 1134 daAuts
     D:2: 1050 daAuts
     D:4: 845 daAuts
  Lair:1: 363 daAuts
    D:11: 337 daAuts
    D:12: 125 daAuts
  Temple: 34 daAuts
